 Dungeon Crawl Stone Soup version 0.25.0-10-g039870ee82 (webtiles) character file.

Game seed: 4213889900349550225

169 Aviak the Sneak (level 5, -2/24 HPs)
             Began as a Spriggan Summoner on June 23, 2020.
             Slain by a centaur (8 damage)
             ... on level 5 of the Dungeon.
             The game lasted 00:03:52 (3635 turns).

Aviak the Sneak (Spriggan Summoner)                 Turns: 3635, Time: 00:03:52

Health: -2/24      AC:  2    Str:  4    XL:     5   Next: 25%
Magic:  8/10       EV: 24    Int: 18    God:
Gold:   101        SH:  0    Dex: 16    Spells: 6/9 levels left

rFire    . . .     SeeInvis +   r - +2 dagger (speed)
rCold    . . .     Gourm    .   (shield restricted)
rNeg     . . .     Faith    .   a - +0 robe
rPois    .         Spirit   .   (helmet restricted)
rElec    .         Reflect  .   (no cloak)
rCorr    .         Harm     .   (gloves unavailable)
MR       .....                  (boots unavailable)
Stlth    +++.......             (no amulet)
HPRegen  0.08/turn              E - +4 ring of evasion
MPRegen  0.12/turn              (no ring)

@: mighty, very quick
A: very small, unfitting armour, see invisible, herbivore, speed 3, slow
metabolism 2
a: no special abilities


You were on level 5 of the Dungeon.
You were hungry.

You visited 1 branch of the dungeon, and saw 4 of its levels.

You collected 101 gold pieces.

Inventory:

Hand Weapons
 b - a +0 dagger
 r - a +2 dagger of speed (weapon)
Armour
 a - a +0 robe (worn)
Jewellery
 E - a +4 ring of evasion (left hand)
Wands
 p - a wand of acid (8)
Scrolls
 e - 4 scrolls of teleportation {unknown}
 f - a scroll of enchant armour {unknown}
 g - 2 scrolls of fear {unknown}
 h - a scroll of amnesia {unknown}
 k - 3 scrolls of identify {unknown}
 m - a scroll of magic mapping {unknown}
 q - 4 scrolls of remove curse {unknown}
 s - a scroll of immolation {unknown}
Potions
 d - a potion of might
 i - 2 potions of curing {unknown}
 j - a potion of cancellation {unknown}
 l - 2 potions of flight {unknown}
 n - a potion of lignification {unknown}
 o - a potion of brilliance {unknown}
Comestibles
 c - 5 rations


   Skills:
 + Level 2.9 Short Blades
 + Level 5.2 Dodging
 + Level 5.6 Stealth
 - Level 2.6 Spellcasting
 - Level 3.2 Summonings


You had 6 spell levels left.
You knew the following spells:

 Your Spells              Type           Power        Failure   Level  Hunger
a - Summon Small Mammal   Summ           ##..         4%          1    #......
b - Call Imp              Summ           ##......     7%          2    ##.....

Your spell library contained the following spells:

 Spells                   Type           Power        Failure   Level  Hunger
 Call Canine Familiar     Summ           ##......     13%         3    ###....
 Summon Guardian Golem    Hex/Summ       #.......     26%         3    ###....
 Summon Ice Beast         Ice/Summ       #.......     65%         4    #####..
 Summon Lightning Spire   Summ/Air       #.......     65%         4    #####..


Dungeon Overview and Level Annotations

Branches:
Dungeon (3/15)

Altars:
Nemelex Xobeh
The Shining One


Innate Abilities, Weirdness & Mutations

You are very small and have problems with some larger weapons.
You are too small for most types of armour.
You have supernaturally acute eyesight. (SInv)
You are a herbivore.
You cover ground extremely quickly.
You need to consume almost no food.


Message History

You hit the ooze.
You kill the ooze!
Your crimson imp disappears in a puff of smoke!
A centaur comes into view.
A centaur is nearby!
The centaur shouts!
A centaur is nearby!
The centaur wields a +0 shortbow.
The centaur shoots an arrow.
The arrow hits you!
You see here an arrow.
Casting: Call Imp (safe; 7% risk of failure)
Confirm with . or Enter, or press ? or * to list all spells.
A beastly little devil appears in a puff of frigid air.
The centaur unwields a +0 shortbow.
The centaur hits you!
It was a potion of might.
You feel very mighty all of a sudden. The centaur hits you.
* * * LOW HITPOINT WARNING * * *
The centaur hits you!
You die...

### ############### #...
.......(......#####...
#.#.#.#.#.#.#.#.#.#...
#.#c#.#.#.#.#.##... .#
#.#@#.#.#.#.#.#.#... #.#
#.#.#.#5#.#.#.#.##... #.#
#.#.#.#.#.#.#.#.#....> #.#
#.#.#.#.#.#.#.#.#.##... #.#
#.#.#.#.#.#.#.#.#.#.##..
#.#.#.#.#.#.#.#.#.#.#.#.###..
#.#.#.#.#.#.#.#.#.#.#.#.##..
#.#.#.#.#.#.#.#.#.#.#.###..
#.#.#.#.#.#.#.#.#.#.#.#.##..


You could see a centaur.

Vanquished Creatures
  A bullfrog skeleton (D:5)
  2 orc wizards (D:5)
  An adder (D:2)
  An ooze (D:5)
  2 worms
  A dart slug (D:1)
  An orc (D:5)
  A ball python (D:1)
  4 bats
  4 giant cockroaches
  2 goblins
  4 hobgoblins
  A jackal (D:1)
  A kobold (D:3)
  3 frilled lizards
  4 rats
33 creatures vanquished.

Vanquished Creatures (collateral kills)
  A gnoll (D:1)
  An adder (D:2)
  An ooze (D:3)
  2 worms (D:2)
  A giant cockroach (D:2)
  5 goblins
  6 hobgoblins
  A jackal (D:1)
  4 kobolds (D:1)
  A quokka (D:2)
  3 bats
  A frilled lizard (D:2)
  3 rats
30 creatures vanquished.

Grand Total: 63 creatures vanquished

Notes
Turn   | Place    | Note
-------+----------+-------------------------------------------
     0 | D:1      | Aviak the Spriggan Summoner began the quest for the Orb.
     0 | D:1      | Reached XP level 1. HP: 9/9 MP: 5/5
   329 | D:1      | Reached XP level 2. HP: 13/13 MP: 1/6
   336 | D:1      | Learned a level 2 spell: Call Imp
   481 | D:1      | Reached skill level 1 in Short Blades
   935 | D:1      | Reached XP level 3. HP: 14/16 MP: 8/8
  1402 | D:2      | Found a glowing golden altar of the Shining One.
  1635 | D:2      | Found a sparkling altar of Nemelex Xobeh.
  2644 | D:2      | Reached XP level 4. HP: 21/21 MP: 9/9
  3412 | D:3      | You fall into a shaft and drop 2 floors!
  3412 | D:5      | Entered Level 5 of the Dungeon
  3419 | D:5      | Reached skill level 5 in Stealth
  3427 | D:5      | Reached skill level 5 in Dodging
  3454 | D:5      | Reached XP level 5. HP: 20/24 MP: 8/10
  3627 | D:5      | Noticed a centaur
  3635 | D:5      | Slain by a centaur

Illustrated notes

Levels and vault maps discovered:
D:1:      dpeg_arrival_rhombus, layout_basic, chequers_serial_rivers_small_b
D:2:      layout_basic, lemuel_crystal_altar, nicolae_tso_swordbearing_angel,
          nrook_mini_backslash
D:3:      layout_rooms, grunt_ministairs_10, uniq_jessica
D:5:      layout_basic, yredelemnul_altar_generic

Skill      XL: |  1  2  3  4 |
---------------+-------------+-----
Short Blades   | 1 2 |  2.9
Stealth        | 4 5 |  5.6
Dodging        | 4 5 |  5.2
Spellcasting   | |  2.6
Summonings     | |  3.2

Action                   |  1- 3 |  4- 6 || total
-------------------------+-------+-------++-------
Melee: Dagger            |   164 |    99 ||   263
       Unarmed           |     7 |       ||     7
 Cast: Summon Small Mamm |    11 |       ||    11
       Call Imp          |    18 |    10 ||    28
  Use: Potion            |       |     1 ||     1
 Stab: Distracted        |     1 |     1 ||     2
       Sleeping          |     9 |     3 ||    12
  Eat: Ration            |     1 |       ||     1
Armor: Robe              |    12 |     2 ||    14
Dodge: Dodged            |   168 |    77 ||   245
